Map: Lightshade LE

Players

maru

  • Race: Terran Terran
  • Spawn Location: 11:00

Serral - Winner!

  • Race: Zerg Zerg
  • Spawn Location: 5:00

Event: TSL 6

VOD

Have the link to the VOD?

Description

Time

  • Played on: Dec. 13, 2020, 3:32 p.m.
  • Length: 15:27

All games in this series

Show
View Real Time Build Order
Export as new Build Order

maru Terran 

Build Orders: Reaper Expand, Hellion Banshee 

Get SALT Encoding   

  12  0:00  SCV  
  13  0:12  SCV  
  14  0:17  Supply Depot  
  14  0:24  SCV  
  15  0:38  SCV  
  15  0:40  Barracks  
  16  0:45  Refinery  
  16  0:50  SCV  
  17  1:03  SCV  
  18  1:15  SCV  
  19  1:27  Orbital Command, Reaper  
  20  1:39  Command Center  
  20  1:51  Supply Depot  
  20  1:53  SCV  
  21  1:59  Marine  
  22  2:05  SCV  
  23  2:08  Factory  
  23  2:17  SCV  
  23  2:22  Barracks Reactor  
  24  2:29  SCV  
  25  2:42  SCV  
  25  2:43  Command Center  
  26  2:52  Orbital Command  
  26  2:54  SCV  
  27  2:59  Starport  
  27  3:05  Refinery  
  27  3:06  SCV  
  27  3:12  Hellion  
  30  3:15  Hellion  
  30  3:18  SCV  
  30  3:19  SCV  
  34  3:21  Barracks Tech Lab  
  34  3:30  SCV  
  34  3:31  SCV  
  36  3:35  Hellion  
  36  3:36  Hellion  
  40  3:44  Banshee, SCV x2  
  45  3:48  Supply Depot  
  45  3:50  Marine  
  47  3:56  Cloaking Field, SCV  
  47  3:59  Orbital Command  
  47  4:05  SCV  
  47  4:06  Hellion  
  47  4:08  Hellion  
  47  4:09  Barracks Tech Lab  
  52  4:10  SCV  
  52  4:14  Supply Depot  
  53  4:19  SCV  
  53  4:23  SCV  
  55  4:24  Armory  
  55  4:26  SCV  
  55  4:30  Refinery  
  55  4:31  Hellion, SCV  
  58  4:34  Hellion  
  58  4:37  Banshee  
  64  4:39  Marine  
  64  4:43  Supply Depot, Orbital Command  
  65  4:45  SCV x2  
  69  4:53  Hellion  
  69  4:54  Stimpack  
  69  4:56  Hellion  
  69  4:57  Marine  
  69  4:59  SCV x2  
  74  5:10  Engineering Bay x2  
  74  5:11  SCV x3  
  77  5:17  Supply Depot  
  77  5:24  SCV  
  77  5:26  Starport Reactor  
  77  5:27  SCV  
  79  5:28  Barracks  
  79  5:29  Barracks  
  79  5:30  SCV  
  79  5:35  Factory Reactor, Marine  
  81  5:36  SCV  
  81  5:38  Terran Infantry Armor Level 1, Terran Infantry Weapons Level 1  
  82  5:43  SCV x2  
  82  5:48  SCV  
  66  5:52  Marine  
  66  5:55  SCV x2  
  61  6:01  Barracks  
  61  6:02  Barracks  
  59  6:07  Supply Depot  
  59  6:10  Marine  
  57  6:12  SCV  
  57  6:13  SCV, Refinery  
  57  6:17  Marine x2  
  58  6:24  Medivac x2, Marine x2  
  59  6:27  SCV x2  
  59  6:28  Marine  
  62  6:35  Combat Shield, Hellbat  
  62  6:36  Marine x2  
  62  6:39  SCV  
  68  6:40  SCV  
  68  6:42  Marine x2  
  68  6:46  Marine  
  71  6:50  Barracks Reactor x2  
  71  6:52  SCV x2  
  71  6:54  Orbital Command, Marine x2  
  73  6:59  Siege Tank, Marine  
  73  7:00  Marine  
  76  7:04  SCV x2, Marine  
  76  7:07  Medivac x2  
  82  7:12  Marine x2  
  84  7:16  SCV x2  
  84  7:20  SCV  
  84  7:22  Marine  
  88  7:25  Supply Depot x3  
  88  7:28  SCV x2  
  88  7:29  Marine x3  
  91  7:30  Marine  
  91  7:32  Command Center, SCV  
  95  7:37  Siege Tank  
  95  7:40  SCV x2  
  99  7:44  SCV  
  99  7:46  Missile Turret  
  98  7:52  SCV  
  98  7:53  SCV  
  98  7:56  SCV  
  98  8:03  Terran Infantry Armor Level 2, Terran Infantry Weapons Level 2  
  98  8:04  SCV  
  98  8:05  SCV, Marine  
  100  8:06  Marauder, Marine x3  
  100  8:08  SCV  
  100  8:09  Siege Tank  
  100  8:12  Missile Turret  
  110  8:15  Missile Turret  
  110  8:16  SCV  
  110  8:17  SCV  
  110  8:19  Marine x2  
  114  8:21  SCV  
  114  8:23  Refinery x2  
  115  8:27  Marauder  
  115  8:31  Factory  
  115  8:33  Marine x6  
  122  8:36  SCV x2  
  124  8:46  Missile Turret  
  124  8:51  Thor, Marauder  
  132  8:59  Supply Depot x2, SCV  
  132  9:02  SCV  
  132  9:03  Missile Turret  
  132  9:06  Supply Depot  
  132  9:07  Supply Depot  
  132  9:12  Missile Turret  
  132  9:20  Medivac x2, Marine x8  
  132  9:21  Marauder, SCV  
  147  9:24  SCV  
  147  9:25  Factory Reactor  
  147  9:27  SCV  
  147  9:29  Factory Tech Lab  
  147  9:33  SCV  
  147  9:35  Terran Vehicle And Ship Armor Level 1  
  147  9:37  SCV  
  144  9:38  Marine x2  
  144  9:39  SCV  
  144  9:45  SCV  
  145  9:49  Siege Tank x2, SCV  
  145  9:51  SCV  
  145  9:52  Supply Depot  
  142  10:02  Marine  
  142  10:03  Marauder  
  142  10:06  Medivac x2  
  133  10:08  Missile Turret  
  133  10:09  Command Center  
  133  10:10  Missile Turret  
  133  10:19  Sensor Tower, Marine x7  
  133  10:20  Marine  
  141  10:21  Siege Tank  
  141  10:23  Thor  
  141  10:24  Marauder  
  152  10:34  SCV x3  
  155  10:36  Terran Infantry Weapons Level 3, Terran Infantry Armor Level 3  
  155  10:37  Supply Depot  
  155  10:44  Supply Depot  
  155  10:47  Supply Depot  
  155  10:58  Siege Tank  
  155  11:01  Marauder, Marine  
  161  11:06  Siege Tank  
  161  11:10  Refinery  
  164  11:12  Barracks  
  164  11:13  Barracks  
  164  11:14  Barracks  
  164  11:20  SCV  
  165  11:26  Marauder  
  165  11:30  Siege Tank  
  170  11:33  SCV x3  
  170  11:37  Command Center, Terran Vehicle Weapons Level 1  
  170  11:38  Siege Tank  
  176  11:40  Armory  
  176  11:43  Supply Depot  
  176  11:45  SCV x2  
  178  11:50  Missile Turret  
  178  11:56  Sensor Tower  
  178  12:03  Missile Turret  
  178  12:04  Thor  
  178  12:05  Missile Turret  
  178  12:07  Supply Depot  
  184  12:12  Barracks Tech Lab  
  183  12:18  Marine x2  
  183  12:19  Marauder  
  183  12:20  Marine x2  
  145  12:24  Siege Tank  
  142  12:32  Marine  
  142  12:33  Marine x4  
  142  12:34  SCV  
  144  12:40  Marauder  
  139  12:44  SCV  
  139  12:48  Planetary Fortress, Siege Tank  
  139  12:50  SCV  
  144  12:52  Supply Depot  
  144  12:53  Supply Depot  
  144  12:58  Barracks Tech Lab x2  
  144  13:01  Marauder  
  146  13:06  Siege Tank  
  146  13:08  Marauder, Marine x2  
  146  13:09  Supply Depot  
  153  13:17  Sensor Tower  
  153  13:20  Siege Tank  
  153  13:22  Command Center  
  153  13:23  Marauder  
  158  13:33  Marauder x2, Marine x2  
  161  13:49  Supply Depot x2  
  161  13:51  Command Center, Refinery  
  161  13:52  Refinery  
  152  13:56  Marauder x2, Marine  
  152  13:58  Marauder, Marine  
  152  14:02  SCV x2  
  141  14:07  Concussive Shells  
  138  14:15  Siege Tank x2  
  144  14:18  Ghost Academy  
  144  14:19  SCV x2  
  144  14:21  Marauder x3, Marine  
  153  14:29  Sensor Tower  
  153  14:31  SCV  
  154  14:50  Missile Turret  
  154  14:51  Missile Turret  
  154  14:52  Missile Turret  
Show
View Real Time Build Order
Export as new Build Order

Serral Zerg - Winner!

Build Orders: Hatch First, Muta Ling Bane 

Get SALT Encoding   

  12  0:01  Drone  
  13  0:12  Overlord  
  13  0:17  Drone  
  14  0:31  Drone x2  
  16  0:48  Hatchery  
  15  0:51  Drone  
  15  0:54  Drone  
  17  0:57  Drone  
  18  1:08  Extractor  
  17  1:13  Spawning Pool  
  17  1:17  Drone  
  17  1:19  Drone  
  18  1:28  Drone  
  19  1:38  Drone  
  20  1:49  Drone  
  21  1:59  Queen  
  21  2:00  Queen  
  21  2:01  Zergling x4  
  27  2:10  Overlord  
  27  2:11  Drone  
  27  2:12  Metabolic Boost  
  28  2:29  Hatchery  
  27  2:31  Drone  
  28  2:41  Drone  
  28  2:42  Drone x2  
  31  2:47  Queen  
  33  2:53  Overlord  
  33  2:56  Drone  
  35  2:58  Drone  
  35  3:02  Drone  
  36  3:07  Pneumatized Carapace  
  36  3:11  Drone  
  36  3:12  Drone  
  38  3:15  Drone x2  
  38  3:19  Overlord  
  40  3:23  Drone x2  
  42  3:28  Queen  
  44  3:39  Drone  
  44  3:40  Drone x3  
  48  3:43  Drone x2  
  48  3:46  Queen  
  52  3:49  Overlord  
  52  3:53  Overlord  
  52  3:56  Zergling x4  
  52  3:57  Drone  
  52  3:58  Drone  
  52  4:01  Drone  
  57  4:05  Drone  
  58  4:11  Overlord  
  58  4:14  Zergling x2  
  58  4:15  Drone x3  
  63  4:17  Drone x4  
  63  4:21  Zergling x2  
  63  4:24  Queen  
  67  4:29  Baneling Nest  
  67  4:30  Lair  
  68  4:35  Zergling x2  
  68  4:36  Drone  
  68  4:38  Spore Crawler x2  
  69  4:40  Spore Crawler, Drone  
  69  4:42  Extractor x2, Drone  
  69  4:44  Drone  
  68  4:49  Overlord  
  68  4:50  Zergling x2  
  68  4:52  Zergling x2  
  70  4:53  Drone x2  
  70  4:54  Drone x2  
  70  4:56  Overlord  
  70  4:58  Drone  
  75  5:01  Zergling x2  
  75  5:02  Queen  
  75  5:03  Drone  
  79  5:09  Drone x4  
  79  5:10  Spore Crawler  
  79  5:12  Baneling x3  
  79  5:13  Drone  
  83  5:15  Drone  
  83  5:18  Extractor, Drone x2  
  83  5:19  Extractor, Drone  
  86  5:21  Drone x2  
  87  5:29  Drone  
  87  5:31  Extractor  
  87  5:32  Baneling x2  
  87  5:33  Spire  
  86  5:36  Zergling x4  
  86  5:38  Overseer  
  86  5:41  Drone x2  
  86  5:42  Drone x3  
  91  5:43  Drone  
  88  5:51  Drone x3  
  88  5:59  Zergling x4  
  88  6:00  Drone x4  
  92  6:06  Centrifical Hooks  
  92  6:07  Overlord, Evolution Chamber x2  
  92  6:08  Drone  
  91  6:16  Overlord  
  91  6:22  Zergling x10  
  91  6:24  Hatchery  
  93  6:27  Zergling x2  
  93  6:31  Zergling x6  
  97  6:36  Zerg Melee Weapons Level 1  
  97  6:37  Zerg Ground Armor Level 1  
  97  6:43  Overlord  
  97  6:48  Mutalisk x5  
  97  6:51  Zergling x2  
  97  6:52  Zergling x8  
  105  7:04  Zergling x6  
  105  7:11  Zerg Flyer Weapons Level 1  
  105  7:13  Baneling x7  
  105  7:14  Baneling  
  105  7:15  Drone x7  
  112  7:20  Overlord  
  112  7:23  Overlord  
  112  7:24  Mutalisk  
  112  7:28  Overlord  
  114  7:39  Mutalisk x4  
  114  7:41  Zergling x16  
  129  7:53  Mutalisk x2  
  133  8:00  Mutalisk  
  135  8:05  Drone  
  135  8:06  Overlord x3  
  135  8:07  Overlord, Extractor  
  135  8:09  Baneling x8  
  135  8:10  Overlord  
  134  8:16  Overlord  
  134  8:17  Spore Crawler, Queen  
  135  8:24  Overseer  
  135  8:26  Drone x6  
  141  8:28  Mutalisk x2  
  141  8:29  Mutalisk  
  141  8:30  Zergling x6  
  141  8:31  Hatchery  
  149  8:34  Zergling x2  
  150  8:41  Zergling x8  
  150  8:42  Zergling x12  
  160  8:49  Overseer  
  160  8:53  Zerg Melee Weapons Level 2, Zerg Ground Armor Level 2  
  160  8:56  Overlord  
  153  9:04  Zergling x16  
  161  9:12  Overlord x3  
  161  9:13  Overlord  
  161  9:14  Zerg Flyer Weapons Level 2  
  162  9:17  Zergling x12  
  162  9:21  Baneling x7  
  162  9:22  Baneling x2  
  167  9:28  Zergling x14  
  174  9:36  Infestation Pit  
  173  9:48  Zergling x30  
  185  9:54  Baneling x7  
  178  10:00  Zergling x10  
  178  10:05  Queen  
  178  10:06  Drone x7  
  181  10:11  Baneling  
  181  10:12  Baneling x8  
  181  10:14  Hive  
  181  10:15  Drone x2  
  181  10:17  Zergling x18  
  181  10:18  Overseer  
  181  10:20  Baneling x15  
  192  10:33  Zergling x2  
  192  10:34  Zergling x10  
  198  10:36  Baneling x5  
  198  10:44  Burrow  
  198  10:48  Hatchery, Drone x2  
  198  10:50  Extractor  
  198  10:52  Baneling x8  
  198  10:54  Drone  
  198  10:55  Drone  
  199  11:08  Baneling x8  
  199  11:28  Adrenal Glands  
  199  11:29  Zerg Ground Armor Level 3, Zerg Melee Weapons Level 3  
  199  11:31  Ultralisk Cavern  
  198  11:48  Baneling x11  
  198  11:51  Zerg Flyer Armor Level 1  
  190  12:21  Chitinous Plating  
  160  12:24  Ultralisk x3  
  160  12:27  Zergling x44  
  199  12:31  Spore Crawler  
  196  12:46  Mutalisk  
  196  12:48  Overseer  
  196  12:49  Drone  
  199  12:52  Baneling x7  
  199  12:53  Baneling x9  
  199  12:55  Extractor  
  198  13:02  Baneling x6  
  198  13:08  Hatchery  
  198  13:12  Spine Crawler  
  196  13:14  Drone, Baneling x7  
  196  13:15  Drone x2  
  199  13:40  Anabolic Synthesis  
  170  13:58  Zergling x14, Ultralisk x3  
  170  13:59  Zergling x32  
  173  14:04  Zergling x44  
  173  14:05  Zergling x12  
  199  14:15  Overseer  
  199  14:18  Baneling x16  
  199  14:19  Baneling x15  
  199  14:25  Baneling x2  
  199  14:26  Baneling x4  
  199  14:29  Extractor  
  199  14:31  Spine Crawler, Drone x2  
  198  14:34  Baneling x9  
  199  14:51  Baneling x4  
  199  15:03  Baneling x6  
Tags
 
Add a new tag
Caveats
  • Supply blocks, unpowered buildings, or Contaminate may cause inaccurate times.
  • Supply counts are checked every 10 seconds.